 Dungeon Crawl Stone Soup version 0.31-a0-1370-gf52a5a9ab3 (webtiles) character file.

Game seed: 14325925936715768206

57316 Laraso the Grappler (level 14, -3/143 HPs)
             Began as a Troll Cinder Acolyte on Dec 23, 2023.
             Was a High Priest of Ignis.
             Slain by Snorg (15 damage)
             ... on level 5 of the Lair of Beasts.
             The game lasted 00:38:53 (16341 turns).

Laraso the Grappler (Troll Cinder Acolyte)         Turns: 16341, Time: 00:38:54

Health: -3/143     AC: 11    Str: 31    XL:     14   Next: 45%
Magic:  19/19      EV: 13    Int: 10    God:    Ignis [*****.]
Gold:   1411       SH:  0    Dex: 15    Spells: 17/21 levels left

rFire   + .          .
                       - Unarmed
rCold   . . .        (no shield)
rNeg    . . .        a - +0 acid dragon scales
rPois   .            (helmet restricted)
rElec   .            p - +0 cloak
rCorr   +            (gloves unavailable)
SInv    .            (boots unavailable)
Will    +....        D - amulet of the acrobat
Stlth   +            j - +6 ring of strength
HPRegen 1.23/turn    F - +6 ring of dexterity
MPRegen 0.16/turn

%: acrobat
@: no status effects
A: large, unfitting armour, claws 3, regeneration 1, shaggy fur 1, tough skin 1
a: Renounce Religion, Fiery Armour, Foxfire Swarm


You were on level 5 of the Lair of Beasts.
You worshipped Ignis.
Ignis was extremely pleased with you.
You visited 2 branches of the dungeon, and saw 19 of its levels.
You also visited: Bailey and Volcano.

You collected 1536 gold pieces.
You spent 125 gold pieces at shops.

Inventory:

Armour
 a - +0 acid dragon scales (worn)
 p - a +0 cloak (worn)
Jewellery
 h - an amulet of reflection
 j - a +6 ring of strength (left claw)
 k - a ring of see invisible
 m - a +6 ring of strength
 u - a ring of protection from fire
 D - an amulet of the acrobat (around neck)
 F - a +6 ring of dexterity (right claw)
 M - a ring of wizardry
Wands
 i - a wand of flame (42)
 o - a wand of mindburst (2)
 t - a wand of roots (10)
 A - a wand of paralysis (17)
 E - a wand of digging (6)
 H - a wand of polymorph (6)
Scrolls
 b - 8 scrolls of teleportation
 c - 5 scrolls of amnesia
 l - 6 scrolls of enchant weapon
 r - 3 scrolls of fear
 s - a scroll of fog
 v - 2 scrolls of torment
 y - 2 scrolls of blinking
 C - 3 scrolls of enchant armour
 G - a scroll of immolation
 L - a scroll of poison
 N - 2 scrolls of identify
 O - a scroll of brand weapon
Potions
 d - 4 potions of haste
 e - 8 potions of curing
 f - 3 potions of cancellation
 g - 7 potions of brilliance
 n - 3 potions of might
 q - 3 potions of lignification
 w - 3 potions of enlightenment
 I - 2 potions of mutation
 K - a potion of attraction
Miscellaneous
 B - a lightning rod (1/4)


   Skills:
 - Level 10.0 Fighting
 - Level 9.0 Armour
 - Level 8.0 Dodging
 - Level 13.0 Unarmed Combat
 - Level 4.0 Spellcasting
 * Level 4.7 Hexes
 - Level 4.0 Translocations
 - Level 2.1 Fire Magic
 - Level 7.0 Evocations


You had 17 spell levels left.
You knew the following spells:

 Your Spells              Type           Power      Damage    Failure   Level
a - Blink                 Tloc           20%        N/A       9%          2
b - Jinxbite              Hex            22%        N/A       6%          2

Your spell library contained the following spells:

 Spells                   Type           Power      Damage    Failure   Level
 Lesser Beckoning         Tloc           20%        N/A       9%          2
 Tukima's Dance           Hex            11%        N/A       13%         3
 Foxfire                  Conj/Fire      16%        2x1d4     19%         1
 Momentum Strike          Conj/Tloc      12%        3d8       19%         2
 Scorch                   Fire           12%        2d5       19%         2
 Magic Dart               Conj           8%         1d3       28%         1
 Sting                    Conj/Alch      8%         1d3       28%         1
 Call Imp                 Summ           4%         N/A       41%         2
 Mercury Vapours          Alch/Air       4%         N/A       41%         2
 Passage of Golubria      Tloc           10%        N/A       50%         4
 Olgreb's Toxic Radiance  Alch           2%         N/A       96%         4
 Yara's Violent Unravell  Hex/Alch       3%         3d4       97%         5
 Plasma Beam              Fire/Air       2%         2x1d12    100%        6
 Starburst                Conj/Fire      2%         6d3       100%        6
 Enfeeble                 Hex            5%         N/A       100%        7


Dungeon Overview and Level Annotations

Branches:
Dungeon (14/15)            Temple (0/1) D:7            Lair (5/5) D:9
 Shoals (0/4) Lair:3        Snake (0/4) Lair:2        Slime (0/5) Lair:5
    Orc (0/2) D:11         Bailey (visited)         Volcano (visited)
 Vaults: D:13-14

Altars:
Cheibriados
Dithmenos
Elyvilon
Fedhas
Hepliaklqana
Nemelex Xobeh
Qazlal

Shops:
D:2 (!:(   D:4 [   D:8 *

Portals:
Trove: D:12 (give +4 fire dragon scales)

Annotations:
Lair:5 Snorg


Innate Abilities, Weirdness & Mutations

You are too large for most types of armour.
You have claws for hands.
Your natural rate of healing is unusually fast.
You are covered in fur. (AC +1)
You have tough skin. (AC +1)


Message History

You scratch Snorg.
Snorg is moderately wounded.
Snorg bites you but does no damage. Snorg closely misses you. Snorg claws you.
You eviscerate Snorg!!! Your claw misses Snorg.
Snorg is heavily wounded.
Snorg bites you! Snorg claws you. Snorg barely misses you.
You mangle Snorg!!
Snorg is severely wounded.
Snorg bites you but does no damage. Snorg claws you! Snorg claws you.
You completely miss Snorg.
Snorg is severely wounded.
Snorg bites you! Snorg claws you but does no damage. Snorg closely misses you.
You are too injured to fight recklessly!
You are too injured to fight recklessly!
You eviscerate Snorg!!! Your claw misses Snorg.
Snorg is almost dead.
Snorg closely misses you. Snorg claws you. Snorg closely misses you.
You closely miss Snorg.
Snorg is almost dead.
Snorg bites you! Snorg claws you but does no damage. Snorg claws you!
Snorg closely misses you. Snorg claws you. Snorg claws you!
* * * LOW HITPOINT WARNING * * *
Unknown command.
You barely miss Snorg.
Snorg is almost dead.
Snorg barely misses you. Snorg claws you.
* * * LOW HITPOINT WARNING * * *
Snorg claws you.
* * * LOW HITPOINT WARNING * * *
Unknown command.
Aiming: Fastroot
Press: ? - help, Shift-Dir - straight line The roots erupt in riotous growth!
Roots grab Snorg.
The grasping roots constrict Snorg.
You hear a croak.
You hear a loud, deep croak!
Snorg bites you!
* * * LOW HITPOINT WARNING * * *
Snorg barely misses you. Snorg claws you!
You die...

,,........yS..~.#.~~~~~≈≈~~~~.~.#
*,,,***,#Y##.###*.~....~~~~.~...#
***** **#F##.P.#####~...~..~..P..
#....T.§§................
##*##...###.#..........###...
#..#..#§##.##...######.####..
#......§.####..#####....###..
#.......§###T†####......#....
#####...#†#†@#.##..P#...^..#.
#..(....##.##............#
#......P###.###.#.#....##.
#......## ### #####....##.
#.......# #######. #.####### ##
##* # #


You could see Snorg (berserk, rooted).

Vanquished Creatures
  An orc warlord (Bailey)
  6 hydras
  3 catoblepae
  3 boulder beetles
  A centaur warrior (D:13)
  4 two-headed ogres
  A sun demon (Volcano)
  2 skysharks (Lair:4)
  A lindwurm (Lair:5)
  An oklob plant (Lair:3)
  An orc sorcerer (Volcano)
  A manticore (Lair:3)
  2 cyclopes (D:12)
  Maurice (D:7)
  9 elephants
  2 molten gargoyles (Volcano)
  7 black mambas
  15 cane toads
  3 gargoyles
  3 unseen horrors
  2 rime drakes
  8 komodo dragons
  The ghost of MysticSailboat the Slicer, a novice KoDe (D:5)
  A tyrant leech (Lair:5)
  A hornet (D:7)
  A wind drake (Lair:3)
  3 trolls
  2 polar bears
  13 blink frogs
  A wraith (D:13)
  4 wyverns
  2 fire bats (Volcano)
  42 yaks
  3 basilisks
  11 vampire mosquitoes
  3 steam dragons
  Menkaure (D:6)
  3 acid dragons
  4 hell hounds (Volcano)
  14 water moccasins
  18 orc warriors
  Duvessa (D:6)
  An ice beast (D:7)
  2 black bears
  3 ogres
  18 wolves
  5 centaurs
  Blork the orc (D:6)
  2 gnoll sergeants (D:11)
  2 kobold brigands
  16 bullfrogs
  5 scorpions
  8 wights
  Dowan (D:6)
  10 killer bees
  4 electric eels
  6 howler monkeys
  6 lava snakes (Volcano)
  A hound (D:4)
  3 jellies
  2 gnoll boudas
  A sleepcap (D:5)
  Ijyb (D:4)
  Terence (D:2)
  4 iguanas
  3 orc wizards
  5 hell rats
  8 adders
  28 gnolls
  2 bombardier beetles
  4 worms
  3 dart slugs
  34 orcs
  8 ball pythons
  13 endoplasms
  5 giant cockroaches
  16 goblins
  13 hobgoblins
  4 quokkas
  4 bats
  A frilled lizard (D:2)
  7 kobolds
  4 rats
471 creatures vanquished.

Notes
Turn   | Place    | Note
-------+----------+-------------------------------------------
     0 | D:1      | Laraso the Troll Cinder Acolyte began the quest for the
                  | Orb.
     0 | D:1      | Reached XP level 1. HP: 22/22 MP: 1/1
    70 | D:1      | Reached XP level 2. HP: 29/29 MP: 2/2
   213 | D:1      | Reached skill level 4 in Unarmed Combat
   335 | D:1      | Reached XP level 3. HP: 33/36 MP: 3/3
   687 | D:2      | Noticed Terence
   701 | D:2      | Killed Terence
   702 | D:2      | Reached skill level 5 in Unarmed Combat
   702 | D:2      | Reached XP level 4. HP: 11/44 MP: 4/4
   802 | D:2      | Found Migoda's Book Shop.
   834 | D:2      | Found Ylupp's Antique Weapon Boutique.
   838 | D:2      | Found Ziumpo's Distillery.
  1090 | D:2      | Bought a potion of curing for 42 gold pieces
  1193 | D:2      | Found Nuukelu's Weapon Shoppe.
  1752 | D:3      | Reached XP level 5. HP: 49/50 MP: 5/5
  1829 | D:3      | Reached skill level 6 in Unarmed Combat
  2095 | D:4      | Noticed Ijyb
  2111 | D:4      | Killed Ijyb
  2127 | D:4      | Found Zozxiawo's Armour Emporium.
  2135 | D:4      | Bought a +0 cloak for 58 gold pieces
  2288 | D:4      | Noticed a water moccasin
  2299 | D:4      | Killed a water moccasin
  2300 | D:4      | Reached skill level 7 in Unarmed Combat
  2300 | D:4      | Reached XP level 6. HP: 54/59 MP: 6/6
  2333 | D:4      | Found a stormy altar of Qazlal.
  2334 | D:4      | Found a snail-covered altar of Cheibriados.
  2381 | D:4      | Reached skill level 1 in Armour
  2381 | D:4      | Reached skill level 1 in Dodging
  2899 | D:5      | Entered Level 5 of the Dungeon
  3049 | D:5      | Found a runed translucent door.
  3065 | D:5      | Identified the +3 dire flail of Yruqew {elec, ^Contam Fly
                  | Str+7 SInv}
  3127 | D:5      | Reached XP level 7. HP: 66/66 MP: 7/7
  3496 | D:5      | Noticed MysticSailboat's ghost (novice KoDe)
  3612 | D:5      | Killed MysticSailboat's ghost
  3655 | D:6      | Reached XP level 8. HP: 70/79 MP: 8/8
  3711 | D:6      | Noticed Menkaure
  3719 | D:6      | Killed Menkaure
  3720 | D:6      | Reached skill level 5 in Fighting
  3759 | D:6      | Reached skill level 1 in Evocations
  3789 | D:6      | Noticed Dowan
  3790 | D:6      | Noticed Duvessa
  3796 | D:6      | Killed Duvessa
  3806 | D:6      | Killed Dowan
  4117 | D:6      | Learned a level 2 spell: Blink
  4165 | D:6      | Noticed Blork the orc
  4170 | D:6      | Killed Blork the orc
  4171 | D:6      | Reached XP level 9. HP: 67/91 MP: 9/9
  4420 | D:7      | Found a flagged portal.
  4432 | Bailey   | Entered a bailey
  4832 | Bailey   | Noticed an orc warlord
  4841 | Bailey   | Killed an orc warlord
  4873 | Bailey   | Reached XP level 10. HP: 79/109 MP: 10/10
  4899 | Bailey   | Identified the staff of Giuvvu {rElec Dex+7 Air}
  4904 | Bailey   | Reached skill level 12 in Unarmed Combat
  4904 | Bailey   | Reached XP level 11. HP: 117/117 MP: 11/11
  5038 | D:7      | Found a staircase to the Ecumenical Temple.
  5236 | D:7      | Reached skill level 10 in Fighting
  5460 | D:7      | Noticed Maurice
  5467 | D:7      | Killed Maurice
  5702 | D:7      | Found a hazy altar of Hepliaklqana.
  5983 | D:8      | Reached skill level 13 in Unarmed Combat
  6032 | D:8      | Found a shadowy altar of Dithmenos.
  6036 | D:8      | Found a blossoming altar of Fedhas.
  6090 | D:8      | Reached skill level 1 in Translocations
  6279 | D:8      | Noticed a two-headed ogre
  6288 | D:8      | Killed a two-headed ogre
  6598 | D:8      | Found Quapniug's Assorted Antiques.
  6612 | D:8      | Bought a metallic puce potion for 25 gold pieces
  6993 | D:9      | Found a staircase to the Lair.
  7151 | D:9      | Found a white marble altar of Elyvilon.
  7443 | D:10     | Entered Level 10 of the Dungeon
  7502 | D:10     | Found a sparkling altar of Nemelex Xobeh.
  7508 | D:10     | Noticed a two-headed ogre
  7519 | D:10     | Killed a two-headed ogre
  7636 | D:10     | Reached XP level 12. HP: 85/126 MP: 16/16
  8527 | D:11     | You fall into a shaft and drop 3 floors!
  8593 | D:12     | Found a portal to a secret trove of treasure.
  8823 | D:12     | Reached skill level 5 in Armour
  9355 | D:13     | Noticed a centaur warrior
  9360 | D:13     | Killed a centaur warrior
  9582 | D:11     | Noticed a two-headed ogre
  9599 | D:11     | Killed a two-headed ogre
  9863 | D:11     | Noticed a two-headed ogre
  9870 | D:11     | Killed a two-headed ogre
 10033 | D:11     | Found a staircase to the Orcish Mines.
 10408 | Lair:1   | Entered Level 1 of the Lair of Beasts
 10750 | Lair:1   | Reached skill level 5 in Dodging
 10788 | Lair:1   | You fall into a shaft and drop 1 floor!
 10811 | Lair:2   | Found a staircase to the Snake Pit.
 11135 | Lair:1   | Noticed an eight-headed hydra
 11143 | Lair:1   | Killed an eight-headed hydra
 11151 | Lair:1   | Reached XP level 13. HP: 133/133 MP: 18/18
 11583 | Lair:2   | Identified the +4 whip "Siypaulu" {freeze, Dex+3}
 11596 | Lair:2   | Found a transporter.
 11599 | Lair:2   | Found a transporter.
 12002 | Lair:2   | Identified the +0 quarterstaff of Ufeh {spect, rF- rC+++
                  | rCorr Int+4}
 12769 | Lair:3   | Found a staircase to the Shoals.
 13460 | Lair:4   | Found a dark tunnel.
 13510 | Volcano  | Entered a volcano
 13934 | Volcano  | Found a bloodstained altar of Trog.
 14005 | Volcano  | Reached skill level 5 in Evocations
 14453 | Lair:4   | Learned a level 2 spell: Jinxbite
 15178 | Lair:5   | Entered Level 5 of the Lair of Beasts
 15336 | Lair:4   | Reached XP level 14. HP: 77/143 MP: 19/19
 15547 | Lair:5   | Reached skill level 1 in Hexes
 15551 | Lair:5   | HP: 1/143 [vampire mosquito (7)]
 16204 | Lair:5   | Identified the +5 trident of Tumult {protect, rF+ Str-5
                  | Int+8 Dex+3}
 16281 | Lair:5   | Noticed Snorg
 16341 | Lair:5   | Slain by Snorg

Illustrated notes

Levels and vault maps discovered:
D:1:      doesnt_arrival_eight_statues, layout_rooms, hex_medium,
          dk_noncrumbling_4
D:2:      layout_basic, serial_shops, nicolae_shop_peninsula,
          nicolae_shop_bloodbath_and_beyond, nicolae_shop_just_a_little_nook,
          shop, uniq_terence
D:3:      layout_loops_ring
D:4:      layout_basic, mainiacjoe_overflow_divided_tiny, serial_shops,
          nicolae_shop_stone, uniq_ijyb
D:5:      layout_basic, ebering_ghost_sewer_d
D:6:      layout_cave_pools, uniq_blork_the_orc, uniq_menkaure, uniq_duvessa
D:7:      layout_loops_ring, nicolae_hepliaklqana_hazy_memory,
          minmay_temple_entry_from_below_a, enter_bailey_4, uniq_maurice
D:8:      layout_basic, grunt_temple_overflow_open, serial_shops,
          nicolae_diamond_shop, abandoned_shop, minmay_misc_feat_square,
          hangedman_abyss_or_decor_lesser_grid
D:9:      layout_loops_ring, nicolae_overflow_hidden_temple,
          minmay_lair_entry_grove
D:10:     layout_stronghold, nemelex_xobeh_ov_fountains_minmay,
          serial_co_window_serial, co_window_paths_b, co_window_corner_a,
          co_window_paths_b, co_window_corner_a, co_window_corner_a,
          co_window_2corner, co_window_cross_2, co_window_corner_b,
          co_window_of_opportunity_c, co_window_paths_d, co_window_4corner_b,
          glass_columns_a, glass_columns_a
D:11:     layout_roguey, kennysheep_orc_monster_closet_entryway
D:12:     layout_rooms, nicolae_trove_entry_free_sample
D:13:     layout_long_grid, serial_glass, glass_columns_a, glass_columns_c,
          glass_columns_b, glass_columns_a, item_on_display_a,
          item_on_display_b, serial_shops, shop, grunt_decor_one_mirror,
          kennysheep_generic_room_5
D:14:     layout_irregular_city, david_vaults_4, infiniplex_staircase_x,
          serial_bayou, serial_bayou_pond_e, serial_bayou_pond_b,
          serial_bayou_lake_a, serial_bayou_pond_e, minmay_checkerbox
Lair:1:   layout_chaotic_city
Lair:2:   gammafunk_boulding_lane, layout_chaotic_city, dummy_snake_entry,
          gauntlet_entry_generic, chequers_serial_rivers_small_a,
          infiniplex_staircase_pool
Lair:3:   layout_regular_city, minmay_shoals_entry_beasts,
          grunt_forest_small_clearings, lemuel_fruit_fields
Lair:4:   layout_regular_city, enter_volcano_2, beast_lair_carwin_6,
          grunt_megastairs_3, serial_bayou_shore_a, lemuel_fruit_tree
Lair:5:   minmay_lair_end_frog_pond, layout_layer_cave,
          nicolae_slime_entry_field_trip, portal_ice_cave_entry_pillars_1,
          infiniplex_staircase_pool_2, uniq_snorg

Skill      XL: |  1  2  3  4  5  6  7  8  9 10 11 12 13 14 |
---------------+-------------------------------------------+-----
Unarmed Combat | 4 5 7 12 13 | 13.0
Armour         | 2 3 7 9 |  9.0
Dodging        | 2 3 5 8 |  8.0
Fighting       | 4 6 9 10 | 10.0
Evocations     | 3 6 7 |  7.0
Translocations | 4 |  4.0
Spellcasting   | 3 4 |  4.0
Hexes          | 4 |  4.7
Fire Magic     | |  2.1

Action                     |  1- 3 |  4- 6 |  7- 9 | 10-12 | 13-15 || total
---------------------------+-------+-------+-------+-------+-------++-------
  Melee: Unarmed           |    77 |   139 |   227 |   437 |   523 ||  1403
         Punch             |       |     5 |    10 |    35 |    47 ||    97
   Cast: Blink             |       |       |       |       |     4 ||     4
         Jinxbite          |       |       |       |       |     5 ||     5
 Invoke: Fiery Armour      |       |       |     1 |       |     1 ||     2
         Rising Flame      |       |       |       |       |     1 ||     1
  Evoke: Wand              |       |       |     5 |    10 |    13 ||    28
         Lightning rod     |       |       |       |     3 |     9 ||    12
    Use: Potion            |     1 |       |     1 |     1 |     4 ||     7
         Scroll            |       |       |    11 |    11 |    11 ||    33
   Stab: Invisible         |       |       |     1 |     1 |     2 ||     4
         Petrified         |       |       |       |       |     8 ||     8
         Petrifying        |       |       |       |       |     1 ||     1
 Armour: Robe              |    54 |    66 |    58 |       |       ||   178
         Steam dragon scal |       |       |    69 |   149 |       ||   218
         Acid dragon scale |       |       |       |   232 |   506 ||   738
  Dodge: Dodged            |    22 |    37 |    61 |   207 |   403 ||   730
  Block: Other             |     4 |    19 |    34 |    65 |       ||   122
         Reflection        |       |     1 |     1 |     4 |       ||     6

Table legend: (Time is in decaauts)
 A = Elapsed time spent in this place.
 B = Non-inter-level travel time spent in this place.
 C = Inter-level travel time spent in this place.
 D = Time resting spent in this place.
 E = Time spent auto-exploring this place.
 F = Levels seen in this place.
 G = Mean time per level.
                   A        B        C        D        E       F      G
               +--------+--------+--------+--------+--------+-----+--------+
         Total |  16041 |  15150 |    891 |   1810 |   9550 |  21 |  763.9 |
       Dungeon |   9875 |   9215 |    660 |    624 |   6742 |  14 |  705.4 |
          Lair |   5101 |   4870 |    231 |   1005 |   2577 |   5 | 1020.2 |
        Bailey |    503 |    503 |      0 |    107 |     62 |   1 |  503.0 |
       Volcano |    559 |    559 |      0 |     74 |    169 |   1 |  559.0 |
               +--------+--------+--------+--------+--------+-----+--------+

Top non-repeatable levels by time:
  Lair:4: 1820 daAuts
    D:10: 1105 daAuts
     D:4: 976 daAuts
  Lair:2: 966 daAuts
  Lair:3: 938 daAuts
     D:7: 936 daAuts
     D:8: 903 daAuts
     D:2: 882 daAuts
  Lair:1: 875 daAuts
    D:11: 809 daAuts
     D:9: 764 daAuts
     D:6: 759 daAuts
     D:5: 676 daAuts
    D:12: 668 daAuts
     D:3: 600 daAuts
